 Dungeon Crawl Stone Soup version 0.24.1-14-gf8d2b509d9 (webtiles) character file.

Game seed: 6236053579685333059, levelgen mode: deterministic

94 Gabide the Ruffian (level 4, -8/24 HPs)
             Began as a Vine Stalker Chaos Knight on May 19, 2020.
             Was a Plaything of Xom.
             Mangled by a small abomination (16 damage)
             ... summoned by the capriciousness of Xom
             ... on level 3 of the Dungeon.
             The game lasted 00:06:35 (2287 turns).

Gabide the Ruffian (Vine Stalker Chaos Knight)      Turns: 2287, Time: 00:06:36

Health: -8/24      AC:  6    Str: 16    XL:     4   Next: 63%
Magic:  0/5        EV: 12    Int: 12    God:    Xom [..*...]
Gold:   94         SH:  0    Dex: 13    Spells: 3/3 levels left

rFire    . . .     SeeInvis .     - Unarmed
rCold    . . .     Gourm    .   (no shield)
rNeg     . . .     Faith    .   a - +2 leather armour
rPois    .         Spirit   +   (no helmet)
rElec    .         Reflect  .   (no cloak)
rCorr    .         Harm     .   (no gloves)
MR       .....                  i - +0 pair of boots
Stlth    +.........             (no amulet)
HPRegen  0.48/turn              (no ring)
MPRegen  0.09/turn              (no ring)

@: no status effects
A: fangs 2, regeneration 1, magic shield, antimagic bite, no potion heal 3, rot
immunity
a: Renounce Religion


You were on level 3 of the Dungeon.
You worshipped Xom.
You were a toy of Xom.
You were not hungry.

You visited 1 branch of the dungeon, and saw 3 of its levels.

You collected 94 gold pieces.

Inventory:

Missiles
 g - 3 javelins (quivered)
Armour
 a - a +2 leather armour (worn)
 i - a +0 pair of boots (worn)
Scrolls
 e - a scroll of remove curse
 f - 2 scrolls of identify
Comestibles
 b - 5 rations
 c - 3 chunks of flesh


   Skills:
 + Level 3.1 Fighting
 - Level 1.5 Armour
 * Level 1.5 Dodging
 * Level 4.6 Unarmed Combat


You had 3 spell levels left.
You didn't know any spells.
Your spell library was empty.

Dungeon Overview and Level Annotations

Branches:
Dungeon (3/15)

Altars:
Fedhas
Hepliaklqana
Makhleb
Ru
Sif Muna


Innate Abilities, Weirdness & Mutations

You have extremely sharp teeth.
Your natural rate of healing is unusually fast.
When hurt, damage is shared between your health and your magic reserves.
Your bite disrupts and absorbs the magic of your enemies.
Potions cannot restore your health.
You are immune to rotting.


Message History

Press: ? - help, Shift-Dir - straight line, f/p - small abomination
Aim: a small abomination (magical condensation, moderately damaged, summoned)
You throw a throwing net.
The throwing net barely misses the small abomination.
The throwing net hits the small abomination.
The small abomination hits you!
* * * LOW HITPOINT WARNING * * *
The small abomination struggles against the net. x2
The small abomination barely misses you.
The small abomination struggles against the net.
The small abomination struggles against the net.
The small abomination hits you.
* * * LOW HITPOINT WARNING * * *
Your trail of clouds dissipates.
You hear the quick rusting of a very distant drain.
The small abomination hits you.
* * * LOW HITPOINT WARNING * * *
The small abomination hits you!
Ouch! That really hurt!
You die...

### #...# #.......## # ..#
#.<.######........########
..######...##........##..##.....#
..#.............#.#..##††##.....#
....÷.............#.##..........#
#.#...............#.##...##.....#
#[######...##.##.........##.....#
..######...##............########
##.....#...#####@##.##.###
##.###.#...# #x##.##.# ##.#
#.....# #.......# #.###.#####
####.#.#.##### ##
#.....#######.........#.. ..#
####.##........##.##...#.# ..
........#####..##x..(..#.##.#
..##..#.##.......○##.#.[....#
..##.......##..##○##x###.####


You could see 2 small abominations.

Vanquished Creatures
  3 adders
  An ooze (D:2)
  2 worms (D:3)
  A leopard gecko (D:1)
  8 giant cockroaches
  4 goblins
  8 hobgoblins
  A jackal (D:2)
  A quokka (D:3)
  7 bats
  A frilled lizard (D:2)
  7 kobolds
  12 rats
56 creatures vanquished.

Notes
Turn   | Place    | Note
-------+----------+-------------------------------------------
     0 | D:1      | Gabide the Vine Stalker Chaos Knight began the quest for
                  | the Orb.
     0 | D:1      | Reached XP level 1. HP: 11/11 MP: 2/2
    23 | D:1      | XOM: silly message
    50 | D:1      | XOM: butterfly on damage
    55 | D:1      | XOM: silly message
   150 | D:1      | XOM: potion effect (berserk rage)
   155 | D:1      | Reached XP level 2. HP: 16/16 MP: 3/3
   166 | D:1      | Reached skill level 1 in Dodging
   608 | D:2      | Reached XP level 3. HP: 9/19 MP: 4/4
   623 | D:2      | XOM: silly message
   767 | D:2      | XOM: potion effect (haste)
   837 | D:2      | XOM: cast spell 'Alistair's Intoxication'
   845 | D:2      | Reached skill level 4 in Unarmed Combat
  1034 | D:2      | Found a hazy altar of Hepliaklqana.
  1330 | D:2      | Found a shimmering blue altar of Sif Muna.
  1349 | D:2      | XOM: silly message
  1373 | D:2      | Found a blossoming altar of Fedhas.
  1386 | D:2      | Gained mutation: Your natural rate of healing is unusually
                  | fast. [Vine Stalker growth]
  1386 | D:2      | Reached XP level 4. HP: 23/24 MP: 5/5
  1442 | D:2      | Found a sacrificial altar of Ru.
  1445 | D:2      | XOM: smoke on damage
  1640 | D:2      | Found a burning altar of Makhleb.
  1741 | D:3      | XOM: god gift: ring mail {god gift}
  2177 | D:3      | XOM: cloud trail
  2208 | D:3      | XOM is BORED!
  2208 | D:3      | XOM: medium Hex miscast
  2268 | D:3      | XOM: medium Summ miscast
  2269 | D:3      | Noticed a small abomination
  2269 | D:3      | Noticed a small abomination
  2287 | D:3      | Mangled by a small abomination

Levels and vault maps discovered:
D:1:      dpeg_arrival_houses_and_road, layout_loops_ring
D:2:      minmay_general_purpose_star, layout_rooms,
          nicolae_overflow_crystal_walls, lemuel_crystal_altar,
          overflow_temple_1_default, lightli_temple_of_fire,
          lemuel_blue_sif_altar
D:3:      layout_loops_cross, nicolae_overflow_hidden_temple,
          cheibrodos_sewer_entry_bend

Skill      XL: |  1  2  3 |
---------------+----------+-----
Dodging        | 1 |  1.5
Fighting       | 3 |  3.1
Unarmed Combat | 4 |  4.6
Armour         | |  1.5

Action                   |  1- 3 |  4- 6 || total
-------------------------+-------+-------++-------
Melee: Unarmed           |   106 |    76 ||   182
       Bite              |    22 |    17 ||    39
       Punch             |     1 |       ||     1
Throw: Throwing net      |       |     2 ||     2
  Use: Scroll            |     2 |     5 ||     7
 Stab: Sleeping          |       |     1 ||     1
  Eat: Chunk             |     2 |     2 ||     4
Armor: Leather armour    |    44 |    21 ||    65
Dodge: Dodged            |    65 |    33 ||    98
